 Dungeon Crawl Stone Soup version 0.29-a0-553-g81b289dbe5 (webtiles) character file.

Game seed: 660983171508572487

60 DocClef the Covert (level 4, 0/41 HPs)
             Began as a Gnoll Delver on June 6, 2022.
             Succumbed to a scorpion's poison
             ... on level 5 of the Dungeon.
             The game lasted 00:00:09 (91 turns).

DocClef the Covert (Gnoll Delver)                     Turns: 91, Time: 00:00:11

Health: 0/41       AC:  3    Str: 13    XL:     4   Next: 6%
Magic:  5/5        EV: 13    Int: 10    God:
Gold:   15         SH:  0    Dex: 13    Spells: 5/5 levels left

rFire   . . .      SeeInvis .   a - +0 short sword
rCold   . . .      Faith    .   (no shield)
rNeg    . . .      Spirit   .   b - +0 leather armour
rPois   .          Reflect  .   (no helmet)
rElec   .          Harm     .   (no cloak)
rCorr   .          Rampage  .   (no gloves)
Will    .....                   (no boots)
Stlth   ++++......              (no amulet)
HPRegen 0.13/turn               (no ring)
MPRegen 0.09/turn               (no ring)

@: lethally poisoned (0 -> -4)
A: fangs 1, strong nose, distributed training
a: no special abilities


You were on level 5 of the Dungeon.
You visited 1 branch of the dungeon, and saw 1 of its levels.

You collected 15 gold pieces.

Inventory:

Hand Weapons
 a - a +0 short sword (weapon)
Armour
 b - a +0 leather armour (worn)
Wands
 g - a wand of digging (3)
Scrolls
 c - a scroll of fog
 d - a scroll of magic mapping
 e - a scroll of fear
Potions
 f - a potion of haste


   Skills:
 + Level 6.5 Fighting
 + Level 4.6 Short Blades
 + Level 1.0 Long Blades
 + Level 1.0 Axes
 + Level 1.0 Maces & Flails
 + Level 1.0 Polearms
 + Level 1.0 Staves
 + Level 1.0 Slings
 + Level 1.0 Bows
 + Level 1.0 Crossbows
 + Level 1.0 Throwing
 + Level 1.0 Armour
 + Level 4.6 Dodging
 + Level 9.6 Stealth
 + Level 1.0 Shields
 + Level 1.0 Unarmed Combat
 + Level 1.0 Spellcasting
 + Level 0.7 Conjurations
 + Level 0.7 Hexes
 + Level 0.7 Summonings
 + Level 0.7 Necromancy
 + Level 0.7 Translocations
 + Level 0.7 Transmutations
 + Level 0.7 Fire Magic
 + Level 0.7 Ice Magic
 + Level 0.7 Air Magic
 + Level 0.7 Earth Magic
 + Level 0.7 Poison Magic
 + Level 1.1 Invocations
 + Level 1.0 Evocations


You had 5 spell levels left.
You didn't know any spells.
Your spell library was empty.

Dungeon Overview and Level Annotations

Branches:
Dungeon (5/15)
 Temple: D:4-7

Altars:
Fedhas


Innate Abilities, Weirdness & Mutations

You have very sharp teeth.
Your uncanny sense of smell can sniff out nearby items.
Your experience applies equally to all skills.


Message History

You feel very sick. The scorpion barely misses you.
You hit the scorpion but do no damage. You bite the scorpion.
The scorpion is lightly wounded.
You feel very sick. The scorpion closely misses you.
Unknown command.
You hit the scorpion but do no damage.
The scorpion is lightly wounded.
You feel very sick.
The scorpion stings you but does no damage.
You closely miss the scorpion. You punch the scorpion.
The scorpion is moderately wounded.
You feel sick. The scorpion barely misses you.
Unknown command.
You hit the scorpion but do no damage.
The scorpion is moderately wounded.
You feel sick. The scorpion closely misses you.
Unknown command.
You hit the scorpion but do no damage.
The scorpion is moderately wounded.
You feel sick. The scorpion closely misses you.
Unknown command.
You barely miss the scorpion.
The scorpion is moderately wounded.
You feel sick. The scorpion barely misses you. The scorpion stings you!
* * * LOW HITPOINT WARNING * * *
You hit the scorpion.
You bite the scorpion, but do no damage.
The scorpion is heavily wounded.
* * * LOW HITPOINT WARNING * * *
You feel sick. The scorpion barely misses you.
Unknown command.
You hit the scorpion but do no damage.
The scorpion is heavily wounded.
The scorpion misses you.
Unknown command.
You completely miss the scorpion.
The scorpion is heavily wounded.
You die...

♣♣♣♣♣ ♣♣...♣♣
♣♣.....♣♣
♣♣.......♣♣
######
♣...._...s♣
.....#
♣♣.......@.♣♣
######
♣...........♣
.....#
.♣.......♣.♣
####.#
♣♣♣...♣♣♣♣♣
#.# ♣♣...♣♣
#.#♣♣♣♣♣.....♣
#.....†....###
############


You could see a scorpion.

Vanquished Creatures
  A scorpion (D:5)
1 creature vanquished.

Notes
Turn   | Place    | Note
-------+----------+-------------------------------------------
     0 | D:5      | Reached skill level 9 in Stealth
     0 | D:5      | DocClef the Gnoll Delver began the quest for the Orb.
     0 | D:5      | Reached XP level 1. HP: 23/23 MP: 1/1
    20 | D:5      | Noticed a scorpion
    25 | D:5      | Killed a scorpion
    26 | D:5      | Reached skill level 1 in Long Blades
    26 | D:5      | Reached skill level 1 in Axes
    26 | D:5      | Reached skill level 1 in Maces & Flails
    26 | D:5      | Reached skill level 1 in Polearms
    26 | D:5      | Reached skill level 1 in Staves
    26 | D:5      | Reached skill level 1 in Slings
    26 | D:5      | Reached skill level 1 in Bows
    26 | D:5      | Reached skill level 1 in Crossbows
    26 | D:5      | Reached skill level 1 in Throwing
    26 | D:5      | Reached skill level 1 in Armour
    26 | D:5      | Reached skill level 1 in Shields
    26 | D:5      | Reached skill level 1 in Unarmed Combat
    26 | D:5      | Reached skill level 1 in Spellcasting
    26 | D:5      | Reached skill level 1 in Invocations
    26 | D:5      | Reached skill level 1 in Evocations
    26 | D:5      | Reached XP level 2. HP: 29/29 MP: 1/3
    26 | D:5      | Reached XP level 3. HP: 35/35 MP: 1/4
    26 | D:5      | Reached XP level 4. HP: 41/41 MP: 1/5
    72 | D:5      | Noticed a scorpion
    73 | D:5      | Found a blossoming altar of Fedhas.
    89 | D:5      | HP: 1/41 [poisoned by a scorpion]
    91 | D:5      | Succumbed to a scorpion's poison

Illustrated notes

Levels and vault maps discovered:
D:5:      layout_basic, fedhas_altar_fruit_tree, kennysheep_slug_shrine,
          uniq_ijyb

Skill      XL: |  1 |
---------------+----+-----
Stealth        | |  9.6
Long Blades    | 1 |  1.0
Axes           | 1 |  1.0
Maces & Flails | 1 |  1.0
Polearms       | 1 |  1.0
Staves         | 1 |  1.0
Slings         | 1 |  1.0
Bows           | 1 |  1.0
Crossbows      | 1 |  1.0
Throwing       | 1 |  1.0
Armour         | 1 |  1.0
Shields        | 1 |  1.0
Unarmed Combat | 1 |  1.0
Spellcasting   | 1 |  1.0
Invocations    | 1 |  1.1
Evocations     | 1 |  1.0
Fighting       | |  6.5
Short Blades   | |  4.6
Dodging        | |  4.6
Conjurations   | |  0.7
Hexes          | |  0.7
Summonings     | |  0.7
Necromancy     | |  0.7
Translocations | |  0.7
Transmutations | |  0.7
Fire Magic     | |  0.7
Ice Magic      | |  0.7
Air Magic      | |  0.7
Earth Magic    | |  0.7
Poison Magic   | |  0.7

Action                   |  1- 3 |  4- 6 || total
-------------------------+-------+-------++-------
Melee: Short sword       |     1 |    13 ||    14
       Bite              |       |     3 ||     3
       Punch             |       |     1 ||     1
 Stab: Sleeping          |     1 |       ||     1
Armor: Leather armour    |       |     2 ||     2
Dodge: Dodged            |       |     9 ||     9

Table legend: (Time is in decaauts)
 A = Elapsed time spent in this place.
 B = Non-inter-level travel time spent in this place.
 C = Inter-level travel time spent in this place.
 D = Time resting spent in this place.
 E = Time spent auto-exploring this place.
 F = Levels seen in this place.
 G = Mean time per level.
                   A        B        C        D        E       F      G
               +--------+--------+--------+--------+--------+-----+--------+
         Total |     89 |     89 |      0 |      0 |     66 |   1 |   89.0 |
       Dungeon |     89 |     89 |      0 |      0 |     66 |   1 |   89.0 |
               +--------+--------+--------+--------+--------+-----+--------+

Top non-repeatable levels by time:
     D:5: 89 daAuts
